 Dungeon Crawl Stone Soup version 0.26.0-16-gc1dbca0489 (webtiles) character file.

Game seed: 3730090408516078404

80 Gauvater the Sneak (level 4, -5/27 HPs)
             Began as an Octopode Fire Elementalist on Jan 20, 2021.
             Slain by an iguana (11 damage)
             ... on level 3 of the Dungeon.
             The game lasted 00:05:33 (1342 turns).

Gauvater the Sneak (Octopode Fire Elementalist)     Turns: 1342, Time: 00:05:33

Health: -5/27      AC:  3    Str:  8    XL:     4   Next: 39%
Magic:  7/7        EV: 13    Int: 17    God:
Gold:   71         SH:  0    Dex: 12    Spells: 6/7 levels left

rFire    . . .     SeeInvis .   c - +0 spear
rCold    . . .     Faith    .   (no shield)
rNeg     . . .     Spirit   .   h - +2 hat
rPois    .         Reflect  .   (no amulet)
rElec    .         Harm     .   (no ring)
rCorr    .         Rampage  .   (no ring)
Will     .....                  (no ring)
Stlth    +++.......             (no ring)
HPRegen  0.09/turn              (no ring)
MPRegen  0.10/turn              (no ring)
                                (no ring)
                                (no ring)

@: no status effects
A: almost no armour, stealthy swim, amphibious, 8 rings, constrict 8, camouflage
1, gelatinous body 1
a: no special abilities


You were on level 3 of the Dungeon.
You visited 1 branch of the dungeon, and saw 3 of its levels.

You collected 71 gold pieces.

Inventory:

Hand Weapons
 c - a +0 spear (weapon)
 k - a +1 dagger of speed
Missiles
 f - 2 throwing nets
 i - 79 stones
Armour
 h - a +2 hat (worn)
Wands
 p - a wand of acid (11)
Scrolls
 b - 3 scrolls of identify {unknown}
 d - a scroll of enchant weapon {unknown}
 g - a scroll of teleportation {unknown}
 j - a scroll of fog {unknown}
 l - 2 scrolls of remove curse {unknown}
 m - a scroll of immolation {unknown}
Potions
 a - a potion of curing {unknown}
 e - a potion of heal wounds {unknown}
 n - a potion of might {unknown}
 o - a potion of invisibility {unknown}


   Skills:
 + Level 0.4 Fighting
 + Level 2.5 Polearms
 + Level 2.2 Dodging
 + Level 3.5 Stealth
 + Level 2.0 Spellcasting
 + Level 1.0 Conjurations
 + Level 3.4 Fire Magic


You had 6 spell levels left.
You knew the following spells:

 Your Spells              Type           Power        Failure   Level
a - Foxfire               Conj/Fire      36%          8%          1

Your spell library contained the following spells:

 Spells                   Type           Power        Failure   Level
 Conjure Flame            Conj/Fire      9%           22%         3
 Inner Flame              Hex/Fire       7%           28%         3
 Sticky Flame             Conj/Fire      9%           58%         4
 Fireball                 Conj/Fire      4%           91%         5


Dungeon Overview and Level Annotations

Branches:
Dungeon (3/15)

Altars:
Makhleb


Innate Abilities, Weirdness & Mutations

You cannot wear most types of armour.
You are very stealthy in the water. (Stealth+)
You are amphibious.
You can wear up to eight rings at the same time.
You can use your tentacles to constrict eight enemies at once.
Your skin changes colour to match your surroundings (Stealth+).
Your rubbery body absorbs attacks. (AC +1, EV +1)


Message History

Reach: c) +0 spear
Press: ? - help, Dir - move target, f - iguana
Aim: an iguana You reach to attack!
You hit the iguana but do no damage. You hit the iguana but do no damage.
You grab the iguana.
You constrict the iguana, but do no damage.
The iguana bites you.
You hit the iguana but do no damage. You constrict the iguana.
The iguana bites you.
You hit the iguana but do no damage.
You squeeze the iguana, but do no damage.
The iguana is lightly wounded.
You constrict the iguana, but do no damage.
The iguana bites you!
* * * LOW HITPOINT WARNING * * *
You hit the iguana but do no damage. You squeeze the iguana.
The iguana is moderately wounded.
You constrict the iguana, but do no damage.
The iguana bites you!
You die...

..######.....
............
#.[......># ..
#........## ...#
#......[.###
....$#...........#
..#...<..........
..........l.#.....
..........@.$.....
.....#.......###.#
.###......(......
##.......###..#
#.###.... .# #.
###... # .. ##.. #
..#


You could see an iguana.

Vanquished Creatures
  A hound (D:2)
  An adder (D:2)
  An ooze (D:1)
  A dart slug (D:1)
  4 bats
  A giant cockroach (D:2)
  6 goblins
  5 hobgoblins (D:1)
  7 kobolds
  A ball python (D:1)
  5 rats
33 creatures vanquished.

Vanquished Creatures (others)
  3 foxfires (D:1)
3 creatures vanquished.

Grand Total: 36 creatures vanquished

Notes
Turn   | Place    | Note
-------+----------+-------------------------------------------
     0 | D:1      | Gauvater the Octopode Fire Elementalist began the quest for
                  | the Orb.
     0 | D:1      | Reached XP level 1. HP: 11/11 MP: 3/3
   182 | D:1      | Reached XP level 2. HP: 17/17 MP: 3/5
   241 | D:1      | Reached skill level 1 in Polearms
   492 | D:1      | Reached XP level 3. HP: 21/21 MP: 6/6
   820 | D:2      | Found a burning altar of Makhleb.
   830 | D:2      | Reached XP level 4. HP: 24/27 MP: 7/7
  1342 | D:3      | Slain by an iguana

Illustrated notes

Levels and vault maps discovered:
D:1:      dpeg_arrival_simpleton_b, layout_basic
D:2:      kb_forest_paths, layout_loops_ring, makhleb_heckhound_becter,
          kennysheep_nondescript, kennysheep_cluttered_room
D:3:      layout_rooms, uniq_crazy_yiuf_cottage

Skill      XL: |  1  2  3 |
---------------+----------+-----
Polearms       | 1 2 |  2.5
Stealth        | 3 |  3.5
Fighting       | |  0.4
Dodging        | |  2.2
Spellcasting   | |  2.0
Conjurations   | |  1.0
Fire Magic     | |  3.4

Action                   |  1- 3 |  4- 6 || total
-------------------------+-------+-------++-------
Melee: Spear             |    60 |    20 ||    80
       Constrict         |    12 |     3 ||    15
       Tentacles         |     7 |     4 ||    11
 Cast: Foxfire           |     2 |       ||     2
 Stab: Sleeping          |     8 |     8 ||    16
Armor: Skin              |     6 |       ||     6
Dodge: Dodged            |    28 |     3 ||    31
